 Dungeon Crawl Stone Soup version 0.29-a0-184-g2ef5e920f0 (webtiles) character file.

Game seed: 122430694935338872

3033 EiAlmux the Geomancer (level 9, -10/50 HPs)
             Began as a Gargoyle Earth Elementalist on Feb 21, 2022.
             Mangled by a two-headed ogre (22 damage)
             ... on level 9 of the Dungeon.
             The game lasted 00:29:37 (9858 turns).

EiAlmux the Geomancer (Gargoyle Earth Elementalist) Turns: 9858, Time: 00:29:38

Health: -10/50     AC:  9    Str: 12    XL:     9   Next: 86%
Magic:  18/20      EV: 12    Int: 20    God:
Gold:   492        SH:  0    Dex: 10    Spells: 12/22 levels left

rFire   . . .      SeeInvis .   u - +2 dagger (venom)
rCold   . . .      Faith    .   (no shield)
rNeg    + . .      Spirit   .   b - +0 robe
rPois   ∞          Reflect  .   (no helmet)
rElec   +          Harm     .   t - +0 cloak
rCorr   .          Rampage  .   (no gloves)
Will    .....                   (no boots)
Stlth   ++........              e - amulet of regeneration
HPRegen 0.96/turn               (no ring)
MPRegen 0.17/turn               (no ring)

@: no status effects
A: sickness immunity, AC +6, negative energy resistance 1, electricity
resistance, torment resistance 1, petrification resistance
a: no special abilities


You were on level 9 of the Dungeon.
You visited 2 branches of the dungeon, and saw 10 of its levels.

You collected 492 gold pieces.

Inventory:

Hand Weapons
 c - a +0 dagger
 u - a +2 dagger of venom (weapon)
Missiles
 a - 109 stones
Armour
 b - a +0 robe (worn)
 t - a +0 cloak (worn)
 G - +0 steam dragon scales
Jewellery
 e - an amulet of regeneration (around neck)
 F - a ring of protection from fire
Wands
 q - a wand of paralysis (9)
 A - a wand of polymorph (5)
Scrolls
 h - 4 scrolls of teleportation
 k - 4 scrolls of amnesia {unknown}
 l - a scroll of blinking {unknown}
 m - a scroll of immolation {unknown}
 n - a scroll of fear {unknown}
 r - 3 scrolls of enchant weapon
 s - a scroll of fog {unknown}
 v - a scroll of magic mapping {unknown}
 y - a scroll of holy word {unknown}
 B - a scroll of vulnerability {unknown}
 C - a scroll of acquirement {unknown}
 E - 2 scrolls of summoning {unknown}
 H - a scroll of brand weapon {unknown}
Potions
 d - 2 potions of cancellation
 f - 2 potions of mutation
 g - a potion of magic {unknown}
 i - a potion of ambrosia {unknown}
 j - a potion of experience {unknown}
 o - 2 potions of degeneration
 p - a potion of heal wounds {unknown}
 w - a potion of flight {unknown}
 x - a potion of resistance {unknown}
 z - a potion of might {unknown}
 D - a potion of brilliance {unknown}
 I - a potion of curing {unknown}


   Skills:
 - Level 3.0 Fighting
 + Level 1.4 Armour
 - Level 4.0 Dodging
 + Level 4.5 Stealth
 + Level 1.3 Shields
 + Level 7.4 Spellcasting
 + Level 2.7 Conjurations
 - Level 2.0 Transmutations
 + Level 9.9 Earth Magic


You had 12 spell levels left.
You knew the following spells:

 Your Spells              Type           Power      Damage    Failure   Level
a - Sandblast             Erth           94%        2d19      1%          1
b - Passwall              Tmut/Erth      25%        N/A       1%          2
c - Stone Arrow           Conj/Erth      64%        3d11      1%          3
d - Petrify               Tmut/Erth      31%        N/A       8%          4

Your spell library contained the following spells:

 Spells                   Type           Power      Damage    Failure   Level
 Magic Dart               Conj           72%        1d6       3%          1
 Searing Ray              Conj           36%        2d5       4%          2
 Sting                    Tmut/Pois      44%        1d5       6%          1
 Poisonous Vapours        Pois/Air       14%        N/A       14%         2
 Confusing Touch          Hex            7%         N/A       26%         3
 Frozen Ramparts          Ice            14%        1d3       26%         3
 Fulminant Prism          Conj/Hex       6%         3d7       45%         4
 Ice Form                 Ice/Tmut       11%        N/A       52%         4
 Olgreb's Toxic Radiance  Pois           7%         N/A       65%         4
 Summon Ice Beast         Ice/Summ       7%         N/A       65%         4
 Yara's Violent Unravell  Hex/Tmut       5%         3d4       86%         5
 Enfeeble                 Hex            3%         N/A       100%        7


Dungeon Overview and Level Annotations

Branches:
Dungeon (9/15)             Temple (1/1) D:6             Orc (0/2) D:9
   Lair: D:8-11

Altars:
Cheibriados
Dithmenos
Elyvilon
Fedhas
Gozag
Hepliaklqana
Kikubaaqudgha
Makhleb
Nemelex Xobeh
Qazlal
Sif Muna
Trog
Uskayaw
Xom
Yredelemnul
Zin
The Shining One
Lugonu

Shops:
D:7 :*   D:8 [   D:9 [

Annotations:
D:2 Terence
D:6 2 runed translucent doors
D:7 exclusion: centaur


Innate Abilities, Weirdness & Mutations

You are immune to sickness and miasma.
Your stone body is resilient. (AC +6)
You are immune to poison.
You resist negative energy. (rN+)
You are resistant to electric shocks. (rElec)
You are resistant to unholy torment.
You are immune to petrification.


Message History

Aiming: Petrify (dangerous; 8% risk of failure)
Press: ? - help, Shift-Dir - straight line, f/p - two-headed ogre
Aim: a two-headed ogre, wielding two +0 giant clubs (chance to affect: 43%)
The two-headed ogre resists with some effort.
Your magical contamination has completely faded away.
Things that are here:
a +0 great sword; a +0 robe
Casting: Petrify (dangerous; 8% risk of failure)
Confirm with . or Enter, or press ? or * to list all spells.
Aiming: Passwall (safe; 1% risk of failure)
Press: ? - help, Dir - move target, p - two-headed ogre A rock wall.
You begin to meditate on the wall.
You continue meditating on the rock.
The two-headed ogre hits you with a +0 giant club!!
The two-headed ogre hits you with a +0 giant club!
You continue meditating on the rock.
The two-headed ogre closely misses you.
The two-headed ogre completely misses you.
You continue meditating on the rock.
The two-headed ogre barely misses you. x2
You continue meditating on the rock.
You finish merging with the rock.
The two-headed ogre shouts in stereo!
The two-headed ogre closely misses you.
The two-headed ogre hits you with a +0 giant club!
You see here a +0 whip.
Casting: Passwall (safe; 1% risk of failure)
Confirm with . or Enter, or press ? or * to list all spells.
Aiming: Passwall (safe; 1% risk of failure)
Press: ? - help, Dir - move target A rock wall.
The two-headed ogre hits you with a +0 giant spiked club!!
The two-headed ogre barely misses you.
You begin to meditate on the wall.
You continue meditating on the rock.
The two-headed ogre closely misses you.
The two-headed ogre hits you with a +0 giant club!!
* * * LOW HITPOINT WARNING * * *
You continue meditating on the rock. x2
The two-headed ogre hits you with a +0 giant spiked club!!
You die...

...........g.............#. #.#
..#...##.#.#.#....##.#.#.#.# #.#
..#...##.#.#.#.............# #..
..##.###.#.#.#....##.#.#.### #.#
..##...g..........##.#.#.# #.#
......##.............#.#.# #.#
...................#.#.#.# #.#
..###.##.....###..##.#.#.######.#
..###.##...#.###@O....)..........
).............##.###.#.#.##......
#)###.##.........# #.#.#.##.###.#
#.###.##.........###.#.#.##.....#
.<............................#.#
#####.####...............######.#
#.# #.##.#.####.#.### #.#
#####.####.##.#.######.########.#
..............................


You could see a two-headed ogre.

Vanquished Creatures
  A steam dragon (D:8)
  2 water moccasins (D:7)
  A hornet zombie (D:7)
  2 ice beasts
  A necrophage (D:7)
  2 orc warriors
  2 ogres
  A centaur (D:6)
  2 phantoms (D:7)
  A kobold brigand (D:9)
  4 bullfrogs
  A gnoll sergeant (D:6)
  4 killer bees (D:7)
  5 wights (D:9)
  A howler monkey (D:9)
  A hound (D:5)
  4 orc priests
  A bullfrog skeleton (D:7)
  A gnoll shaman (D:8)
  An iguana (D:6)
  10 orc wizards
  A killer bee zombie (D:6)
  A hound zombie (D:5)
  2 hound skeletons
  2 howler monkey zombies (D:8)
  13 gnolls
  10 adders
  3 white imps
  A worm (D:3)
  3 dart slugs
  27 orcs
  9 ball pythons
  6 bats
  2 bat zombies (D:8)
  7 endoplasms
  6 giant cockroaches
  7 goblins
  5 hobgoblins
  6 jackals
  12 kobolds
  2 quokkas
  4 frilled lizards
  2 rats
  A rat zombie (D:8)
  A spectral orc (D:4)
181 creatures vanquished.

Vanquished Creatures (others)
  A fungus (D:9)
1 creature vanquished.

Grand Total: 182 creatures vanquished

Notes
Turn   | Place    | Note
-------+----------+-------------------------------------------
     0 | D:1      | EiAlmux the Gargoyle Earth Elementalist began the quest for
                  | the Orb.
     0 | D:1      | Reached XP level 1. HP: 10/10 MP: 3/3
   115 | D:1      | Reached skill level 1 in Fighting
   115 | D:1      | Reached skill level 1 in Transmutations
   115 | D:1      | Reached XP level 2. HP: 10/16 MP: 1/5
   224 | D:1      | Learned a level 2 spell: Passwall
   917 | D:1      | Reached XP level 3. HP: 20/20 MP: 6/6
  1178 | D:1      | Reached skill level 4 in Earth Magic
  1763 | D:2      | Found a faded altar of an unknown god.
  1802 | D:2      | Noticed Terence
  1813 | D:2      | Reached XP level 4. HP: 26/26 MP: 7/7
  2786 | D:4      | Noticed a bullfrog
  2790 | D:4      | Killed a bullfrog
  2791 | D:4      | Reached skill level 1 in Conjurations
  2791 | D:4      | Reached XP level 5. HP: 32/32 MP: 4/9
  3175 | D:4      | Reached XP level 6. HP: 37/37 MP: 0/10
  3273 | D:4      | Reached skill level 5 in Earth Magic
  3399 | D:4      | Found a basalt altar of Yredelemnul.
  3475 | D:4      | Learned a level 3 spell: Stone Arrow
  3908 | D:5      | Entered Level 5 of the Dungeon
  4173 | D:5      | Reached XP level 7. HP: 41/41 MP: 9/12
  4211 | D:5      | Noticed a two-headed ogre
  4437 | D:5      | Found a hide-covered altar of Uskayaw.
  4546 | D:5      | Reached skill level 6 in Earth Magic
  5047 | D:6      | Found a staircase to the Ecumenical Temple.
  5067 | Temple   | Entered the Ecumenical Temple
  5229 | D:6      | Found a large runed translucent door.
  5229 | D:6      | Found a large runed translucent door.
  5279 | D:6      | Noticed a boulder beetle
  5309 | D:5      | Reached XP level 8. HP: 46/46 MP: 0/15
  5471 | D:5      | HP: 1/46 [two-headed ogre (16)]
  5591 | D:6      | Reached skill level 5 in Spellcasting
  5591 | D:6      | Reached skill level 7 in Earth Magic
  5683 | D:6      | Found a hazy altar of Hepliaklqana.
  6574 | D:7      | Found Xiodedoa's Serpentskin Sales.
  6577 | D:7      | Reached skill level 8 in Earth Magic
  6631 | D:7      | Found a shimmering altar of Xom.
  6631 | D:7      | Found a shadowy altar of Dithmenos.
  6645 | D:7      | Found a snail-covered altar of Cheibriados.
  6652 | D:7      | Found Dyimm's Book Emporium.
  6841 | D:7      | Found a glowing golden altar of the Shining One.
  6865 | D:7      | Reached XP level 9. HP: 9/50 MP: 5/18
  7222 | D:7      | Identified the +4 hunting sling "Reas" {flame, rPois rN+}
  7377 | D:7      | Found an opulent altar of Gozag.
  7407 | D:7      | Reached skill level 9 in Earth Magic
  7422 | D:7      | Learned a level 4 spell: Petrify
  7631 | D:8      | Found Huolie's Armour Shop.
  8466 | D:8      | Found an ancient bone altar of Kikubaaqudgha.
  8688 | D:9      | Found a staircase to the Orcish Mines.
  8702 | D:9      | Noticed a two-headed ogre
  9236 | D:9      | Found Lyibom's Antique Armour Boutique.
  9291 | D:9      | Found a shimmering blue altar of Sif Muna.
  9375 | D:9      | Reached skill level 1 in Armour
  9377 | D:9      | Reached skill level 1 in Shields
  9763 | D:9      | Noticed a two-headed ogre
  9858 | D:9      | Mangled by a two-headed ogre

Illustrated notes

Levels and vault maps discovered:
D:1:      psy_arrival_terrarium, layout_loops_ring, nrook_campfire
D:2:      minmay_alternating_diamond, layout_rooms,
          ebering_ecumenical_altar_rust, hangedman_feature_mirror,
          nrook_mini_vaults, minmay_box_of_dots, uniq_terence
D:3:      layout_basic, cheibrodos_sewer_entry_bend
D:4:      layout_loops_ring, yredelemnul_forgotten_temple_becter
D:5:      layout_loops_ring, general_overflow_altar, marbit_many_paths
D:6:      layout_loops_cross, kennysheep_mini, kennysheep_little_box,
          minmay_temple_entry_slanted, minmay_hollow_rounded_squares
D:7:      layout_rooms, mainiacjoe_overflow_tiny_flanked, lemuel_crystal_altar,
          mainiacjoe_overflow_alcove_1, gammafunk_temple_overflow_elements,
          serial_shops, nicolae_shop_trees, guppyfry_shop_venom
D:8:      layout_loops_ring, lemuel_zombie_altar_kikubaaqudgha, serial_shops,
          nicolae_shop_hallway_stairs
D:9:      layout_basic, lemuel_round_altar, nicolae_ru_the_path_less_chosen,
          okawaru_metal_pillars_3, orc_0_dummy, serial_shops,
          nicolae_lakefront_shop, uniq_psyche, uniq_maggie
Temple:   corrupted_temple

Skill      XL: |  1  2  3  4  5  6  7  8  9 |
---------------+----------------------------+-----
Fighting       | 1 2 3 |  3.0
Transmutations | 1 2 |  2.0
Earth Magic    | 4 5 6 8 9 |  9.9
Conjurations   | 1 2 |  2.7
Spellcasting   | 3 4 6 7 |  7.4
Stealth        | 3 4 |  4.5
Dodging        | 3 4 |  4.0
Armour         | 1 |  1.4
Shields        | 1 |  1.3

Action                   |  1- 3 |  4- 6 |  7- 9 || total
-------------------------+-------+-------+-------++-------
Melee: Dagger            |   138 |   255 |    95 ||   488
       Unarmed           |     6 |       |       ||     6
       Punch             |       |     7 |     1 ||     8
 Cast: Sandblast         |    16 |    61 |    28 ||   105
       Passwall          |       |     2 |     9 ||    11
       Stone Arrow       |       |       |   135 ||   135
       Petrify           |       |       |     5 ||     5
  Use: Scroll            |       |     3 |     3 ||     6
 Stab: Sleeping          |     7 |     1 |       ||     8
Armor: Robe              |    32 |   120 |    67 ||   219
Dodge: Dodged            |    84 |   187 |   101 ||   372

Table legend: (Time is in decaauts)
 A = Elapsed time spent in this place.
 B = Non-inter-level travel time spent in this place.
 C = Inter-level travel time spent in this place.
 D = Time resting spent in this place.
 E = Time spent auto-exploring this place.
 F = Levels seen in this place.
 G = Mean time per level.
                   A        B        C        D        E       F      G
               +--------+--------+--------+--------+--------+-----+--------+
         Total |   9868 |   9541 |    327 |   1309 |   6199 |  10 |  986.8 |
       Dungeon |   9748 |   9437 |    311 |   1309 |   6104 |   9 | 1083.1 |
        Temple |    120 |    104 |     16 |      0 |     95 |   1 |  120.0 |
               +--------+--------+--------+--------+--------+-----+--------+

Top non-repeatable levels by time:
     D:1: 1429 daAuts
     D:5: 1421 daAuts
     D:7: 1326 daAuts
     D:8: 1241 daAuts
     D:4: 1133 daAuts
     D:9: 1096 daAuts
     D:3: 864 daAuts
     D:6: 747 daAuts
     D:2: 485 daAuts
  Temple: 120 daAuts
